 Dungeon Crawl Stone Soup version 0.30.1-11-g7821555f0a (webtiles) character file.

Game seed: 4667719565664888612

3304 SacredBeard the Merchant of Misery (level 9, 0/63 (68) HPs)
             Began as a Demonspawn Necromancer on Nov 4, 2023.
             Was a Believer of Kikubaaqudgha.
             Slain by a wight
             ... wielding a +5 great sword of freezing
              (2 damage)
             ... on level 8 of the Dungeon.
             The game lasted 00:38:23 (9995 turns).

SacredBeard the Merchant of Misery (DsNe)           Turns: 9995, Time: 00:38:24

HP:   0/63 (68)     AC: 13    Str:  8    XL:     9   Next: 70%
MP:   19/24         EV:  9    Int: 17    God:    Kikubaaqudgha [**....]
Gold: 396           SH:  5    Dex: 18    Spells: 15/16 levels left

rFire   . . .        L - +1 dagger (venom)
rCold   + . .        (no shield)
rNeg    . . .        G - +1 scale mail {rC+}
rPois   .            x - +0 helmet
rElec   .            M - +0 cloak
rCorr   .            s - +0 pair of gloves
SInv    .            (no boots)
Will    .....        l - amulet of reflection
Stlth   ++           p - ring of magical power
HPRegen 0.30/turn    (no ring)
MPRegen 0.19/turn

%: reflection
@: drained
A: icy blue scales 1, demonic magic 2, demonic touch 1
a: Renounce Religion, Unearth Wretches


You were on level 8 of the Dungeon.
You worshipped Kikubaaqudgha.
Kikubaaqudgha was pleased with you.
You visited 2 branches of the dungeon, and saw 9 of its levels.

You collected 396 gold pieces.

Inventory:

Hand Weapons
 E - a +0 dagger of draining
 L - a +1 dagger of venom (weapon)
Missiles
 e - 8 atropa-tipped darts
 j - 18 poisoned darts
 y - 3 javelins
 B - a boomerang
 C - 2 boomerangs of dispersal
 H - a silver boomerang
Armour
 s - a +0 pair of gloves (worn)
 x - a +0 helmet (worn)
 G - a +1 scale mail of cold resistance (worn)
 K - the +0 pair of gloves of Honour {rElec rN+}
   (You found it on level 6 of the Dungeon)

   rElec:     It insulates you from electricity.
   rN:        It protects you from negative energy.
 M - a +0 cloak (worn)
Jewellery
 l - an amulet of reflection (around neck)
 p - a ring of magical power (left hand)
 q - a ring of protection from cold
 r - an amulet of regeneration
 I - an amulet of reflection
Wands
 a - a wand of mindburst (11)
Scrolls
 c - 3 scrolls of enchant armour
 d - 3 scrolls of immolation
 f - 4 scrolls of vulnerability
 g - 4 scrolls of teleportation
 h - a scroll of magic mapping
 i - a scroll of butterflies
 k - a scroll of acquirement
 m - a scroll of noise
 n - 4 scrolls of poison
 A - 2 scrolls of fear
 F - 2 scrolls of identify
 N - a scroll of fog {unknown}
Potions
 b - 2 potions of magic
 o - a potion of flight {unknown}
 t - 4 potions of curing
 u - 2 potions of mutation
 v - 2 potions of heal wounds
 w - a potion of brilliance {unknown}
 z - a potion of haste {unknown}
 D - a potion of invisibility {unknown}
 J - 2 potions of lignification
 O - a potion of attraction {unknown}


   Skills:
 * Level 5.0 Fighting
 * Level 4.0 Long Blades
 + Level 4.0 Throwing
 + Level 4.0 Armour
 + Level 4.0 Dodging
 + Level 5.0 Stealth
 + Level 4.0 Spellcasting
 * Level 6.1 Necromancy
 + Level 5.0 Evocations


You had 15 spell levels left.
You knew the following spells:

 Your Spells              Type           Power      Damage    Failure   Level
a - Necrotise             Necr           96%        1d8       11%         1

Your spell library contained the following spells:

 Spells                   Type           Power      Damage    Failure   Level
 Sublimation of Blood     Necr           24%        N/A       16%         2
 Vampiric Draining        Necr           24%        2d7       32%         3
 Animate Dead             Necr           24%        N/A       71%         4
 Beastly Appendage        Tmut           6%         N/A       78%         1
 Sandblast                Erth           6%         2d5       78%         1
 Summon Small Mammal      Summ           12%        N/A       78%         1
 Lesser Beckoning         Tloc           6%         N/A       89%         2
 Passwall                 Tmut/Erth      2%         N/A       89%         2
 Wereblood                Tmut           3%         N/A       89%         2
 Agony                    Necr           24%        N/A       96%         5
 Call Canine Familiar     Summ           3%         N/A       98%         3
 Gell's Gravitas          Tloc           3%         N/A       98%         3
 Ozocubu's Armour         Ice            3%         N/A       98%         3
 Spider Form              Tmut/Pois      3%         N/A       98%         3
 Stone Arrow              Conj/Erth      6%         3d7       98%         3
 Summon Guardian Golem    Hex/Summ       3%         N/A       98%         3
 Teleport Other           Tloc           3%         N/A       98%         3
 Haunt                    Necr/Summ      6%         N/A       100%        7
 Ozocubu's Refrigeration  Ice            1%         4d7       100%        7
 Death's Door             Necr           12%        N/A       100%        9


Dungeon Overview and Level Annotations

Branches:
Dungeon (8/15) Zot: 26233  Temple (1/1) D:6 Zot: 5814
   Lair: D:8-11

Altars:
Ashenzari
Cheibriados
Dithmenos
Fedhas
Hepliaklqana
Kikubaaqudgha
Nemelex Xobeh
Okawaru
Qazlal
Ru
Sif Muna
Trog
Uskayaw
Vehumet
Wu Jian
Xom
Yredelemnul

Annotations:
D:4 Grinder, Sigmund
D:6 2 runed translucent doors


Innate Abilities, Weirdness & Mutations

You are partially covered in icy blue scales. (AC +2)
Spells you cast may paralyse nearby enemies.
Your touch may inflict minor irresistible damage on your foes.


Message History

You hit the wight but do no damage.
The wight is severely damaged.
The orc priest is no longer paralysed.
You block the wight's attack.
You hit the wight but do no damage.
The wight is severely damaged.
The wight hits you with a +5 great sword of freezing.
You feel drained.
You barely miss the wight.
The wight is severely damaged.
The wight hits you with a +5 great sword of freezing!
You feel drained. The wight freezes you.
You completely miss the wight.
The wight is severely damaged.
The wight hits you but does no damage.
You hit the wight but do no damage.
The wight is severely damaged.
The centaur shoots an arrow.
The arrow hits you!
* * * LOW HITPOINT WARNING * * *
The wight hits you but does no damage. The wight attacks as you move away!
The wight hits you with a +5 great sword of freezing!
* * * LOW HITPOINT WARNING * * *
You feel drained.
* * * LOW HITPOINT WARNING * * *
The wight freezes you.
* * * LOW HITPOINT WARNING * * *
The centaur unwields a +0 shortbow.
The centaur hits you but does no damage.
You block the centaur's attack.
There is a stone staircase leading up here.
You feel better.
The centaur hits you but does no damage.
The centaur kicks you but does no damage.
The centaur hits you but does no damage.
The centaur kicks you but does no damage.
The wight hits you with a +5 great sword of freezing!
* * * LOW HITPOINT WARNING * * *
The wight freezes you.
You die...
Kikubaaqudgha rasps: "You have failed me!
Welcome... death!"

.##......~~#......#...##......(..
..'.......~#......#...##.........
###.....#..#......#...##.........
.......##.#.......#..............
.####............................
## #####.......###...........###
###......................
##.....c..#............
##...@#..#.#..........
###z##c.#............ #
#...o...........#### #
#######[#............ #
##....##........#...## #
#......##.......+....#
...$$...##.#....#....#
..$.zD$.'..#.........#
..$..$..'..#.........#


You could see a centaur and a wight.

Vanquished Creatures
  A steam dragon (D:8)
  2 water moccasins
  An orc warrior (D:8)
  An ice beast (D:6)
  A sky beast (D:7)
  3 ogres
  2 black bears
  3 centaurs
  2 phantoms
  A kobold brigand (D:6)
  3 bullfrogs
  10 killer bees
  A gnoll bouda (D:7)
  2 jellies
  7 orc priests
  2 hounds
  6 iguanas
  10 orc wizards
  14 gnolls
  11 adders
  A shadow imp (D:5)
  2 white imps
  A worm (D:2)
  41 orcs
  5 ball pythons
  4 bats
  3 endoplasms
  5 giant cockroaches
  15 goblins
  8 hobgoblins
  4 jackals (D:1)
  7 quokkas
  4 frilled lizards (D:3)
  11 kobolds
  9 rats
203 creatures vanquished.

Vanquished Creatures (collateral kills)
  An orc (D:6)
  A bat (D:3)
  An endoplasm (D:3)
3 creatures vanquished.

Grand Total: 206 creatures vanquished

Notes
Turn   | Place    | Note
-------+----------+-------------------------------------------
     0 | D:1      | SacredBeard the Demonspawn Necromancer began the quest for
                  | the Orb.
     0 | D:1      | Reached XP level 1. HP: 13/13 MP: 3/3
   350 | D:1      | Gained mutation: Spells you cast may paralyse adjacent
                  | enemies. [demonic ancestry]
   350 | D:1      | Reached XP level 2. HP: 18/20 MP: 1/5
   857 | D:1      | Found a faded altar of an unknown god.
  1384 | D:2      | Reached XP level 3. HP: 25/25 MP: 2/6
  1611 | D:2      | Reached skill level 1 in Fighting
  2542 | D:3      | Reached skill level 1 in Throwing
  2542 | D:3      | Gained mutation: You are partially covered in icy blue
                  | scales. (AC +2) [demonic ancestry]
  2542 | D:3      | Reached XP level 4. HP: 32/32 MP: 4/7
  2594 | D:3      | Reached skill level 5 in Necromancy
  2899 | D:3      | Reached skill level 1 in Armour
  3547 | D:3      | Reached XP level 5. HP: 38/38 MP: 8/8
  4190 | D:4      | Noticed Sigmund
  4284 | D:4      | Noticed Grinder
  4284 | D:4      | Noticed a water moccasin
  4353 | D:4      | Noticed a black bear
  4390 | D:3      | Killed a black bear
  4391 | D:3      | Reached XP level 6. HP: 30/44 MP: 9/9
  4534 | D:5      | Entered Level 5 of the Dungeon
  4558 | D:5      | Reached skill level 1 in Evocations
  4584 | D:5      | Identified a scroll of acquirement
  5497 | D:5      | Reached skill level 6 in Necromancy
  5497 | D:5      | Gained mutation: Your touch may inflict minor irresistible
                  | damage on your foes. [demonic ancestry]
  5497 | D:5      | Reached XP level 7. HP: 31/51 MP: 11/11
  5967 | D:6      | Found a large runed translucent door.
  5967 | D:6      | Found a large runed translucent door.
  6604 | D:6      | Found a staircase to the Ecumenical Temple.
  6613 | Temple   | Entered the Ecumenical Temple
  6619 | Temple   | Became a worshipper of Kikubaaqudgha
  6812 | D:6      | Found a large runed translucent door.
  6815 | D:6      | Found a large runed translucent door.
  6852 | D:6      | Reached XP level 8. HP: 56/58 MP: 13/13
  7034 | D:6      | Got Paufrul's Spellbook of Evil
  7035 | D:6      | Identified the +0 pair of gloves of Honour {rElec rN+}
  7355 | D:6      | Noticed a skeletal warrior
  7596 | D:6      | Reached * piety under Kikubaaqudgha
  7596 | D:6      | Received a gift from Kikubaaqudgha
  7934 | D:6      | Noticed a two-headed ogre
  8309 | D:7      | Gained mutation: Spells you cast may paralyse nearby
                  | enemies. [demonic ancestry]
  8309 | D:7      | Reached XP level 9. HP: 50/65 MP: 15/15
  8456 | D:7      | Reached ** piety under Kikubaaqudgha
  8465 | D:7      | Reached skill level 1 in Long Blades
  9232 | D:8      | Reached skill level 5 in Stealth
  9243 | D:8      | Reached skill level 5 in Fighting
  9976 | D:8      | Reached skill level 5 in Evocations
  9994 | D:8      | HP: 3/63 [wight/+5 great sword of freezing (2)]
  9995 | D:8      | Slain by a wight

Illustrated notes

Levels and vault maps discovered:
D:1:      dpeg_arrival_another_circle, layout_basic,
          chequers_ecumenical_altar_lobes, minmay_octomino_j4
D:2:      minmay_evil_eye, layout_basic
D:3:      minmay_bubble_buster, layout_loops_ring, kennysheep_donut,
          grunt_ministairs_15
D:4:      layout_basic, uniq_grinder, uniq_robin, uniq_sigmund
D:5:      layout_cave_pods, serial_glass, glass_columns_a, glass_columns_a,
          kennysheep_another_room, grunt_ministairs_2
D:6:      corexii_shantytown, layout_basic, minmay_temple_entry_junction,
          lightli_ossuary_entry_decrepit_ruins, minmay_stone_trees_small,
          minmay_hollow_rounded_squares
D:7:      layout_loops_corners, minmay_misc_feat_cross,
          chequers_decorated_corner
D:8:      minmay_polygon_palace, layout_basic, moated_statue,
          corexii_hall_statues_x, lemuel_flame_loot_1
Temple:   nicolae_temple_bog_church

Skill      XL: |  1  2  3  4  5  6  7  8  9 |
---------------+----------------------------+-----
Stealth        | 2 3 4 5 |  5.0
Dodging        | 2 3 4 |  4.0
Fighting       | 1 2 3 4 5 |  5.0
Throwing       | 1 2 3 4 |  4.0
Necromancy     | 5 6 |  6.1
Armour         | 1 2 3 4 |  4.0
Evocations     | 1 2 3 5 |  5.0
Spellcasting   | 3 4 |  4.0
Long Blades    | 4 |  4.0

Action                     |  1- 3 |  4- 6 |  7- 9 || total
---------------------------+-------+-------+-------++-------
  Melee: Dagger            |    28 |    65 |   120 ||   213
         Punch             |       |     2 |     1 ||     3
         Touch             |       |       |    19 ||    19
  Throw: Boomerang         |       |       |     4 ||     4
   Cast: Necrotise         |    59 |   141 |   237 ||   437
    Use: Scroll            |       |    11 |     4 ||    15
         Potion            |       |     2 |     1 ||     3
   Stab: Sleeping          |       |       |     2 ||     2
         Paralysed         |       |       |    22 ||    22
 Armour: Robe              |     3 |     7 |       ||    10
         Leather armour    |       |    25 |    25 ||    50
         Scale mail        |       |       |    66 ||    66
  Dodge: Dodged            |    18 |    72 |    77 ||   167
  Block: Other             |     1 |    30 |    42 ||    73
         Reflection        |       |     1 |     4 ||     5
